 Dungeon Crawl Stone Soup version 0.31-a0-846-gb3bcc0d938 (webtiles) character file.

Game seed: 1453639545228634469

136 Dirtsage the Chopper (level 5, 0/45 HPs)
             Began as a Hill Orc Fighter on Oct 3, 2023.
             Slain by a scorpion (3 damage)
             ... on level 4 of the Dungeon.
             The game lasted 00:03:35 (2364 turns).

Dirtsage the Chopper (Hill Orc Fighter)             Turns: 2364, Time: 00:03:35

Health: 0/45       AC:  8    Str: 21    XL:     5   Next: 19%
Magic:  5/5        EV:  9    Int:  8    God:
Gold:   127        SH:  0    Dex: 10    Spells: 4/4 levels left

rFire   . . .        a - +0 war axe
rCold   . . .        c - +0 buckler
rNeg    . . .        b - +0 scale mail
rPois   .            (no helmet)
rElec   .            (no cloak)
rCorr   .            (no gloves)
SInv    .            e - +0 pair of boots
Will    .....        (no amulet) Stlth
                     (no ring)
HPRegen 0.27/turn    (no ring)
MPRegen 0.09/turn

%: no passive effects
@: confused, lethally poisoned (0 -> -8), ambrosia-drunk
A: no striking features
a: no special abilities


You were on level 4 of the Dungeon.
You visited 1 branch of the dungeon, and saw 4 of its levels.

You collected 127 gold pieces.

Inventory:

Hand Weapons
 a - a +0 war axe (weapon)
Missiles
 g - 11 curare-tipped darts
Armour
 b - a +0 scale mail (worn)
 c - a +0 buckler (worn)
 e - a +0 pair of boots (worn)
Wands
 r - a wand of roots (7)
Scrolls
 f - 3 scrolls of identify {unknown}
 j - a scroll of silence {unknown}
 l - a scroll of vulnerability {unknown}
 m - 4 scrolls of teleportation {unknown}
 n - a scroll of fear {unknown}
Potions
 d - a potion of might
 h - a potion of degeneration {unknown}
 i - a potion of brilliance {unknown}
 q - a potion of curing {unknown}


   Skills:
 - Level 3.6 Fighting
 + Level 6.9 Axes
 - Level 3.2 Armour
 - Level 3.2 Shields


You had 4 spell levels left.
You didn't know any spells.
Your spell library contained the following spells:

 Spells                   Type           Power      Damage    Failure   Level
 Kiss of Death            Conj/Necr      0%         2d5       82%         1
 Lesser Beckoning         Tloc           0%         N/A       91%         2
 Confusing Touch          Hex            0%         N/A       99%         3
 Gell's Gravitas          Tloc           0%         N/A       99%         3
 Teleport Other           Tloc           0%         N/A       99%         3
 Dispel Undead            Necr           0%         3d6       100%        4


Dungeon Overview and Level Annotations

Branches:
Dungeon (4/15)
 Temple: D:4-7

Altars:
Sif Muna
The Shining One


Message History

You miss the scorpion.
The scorpion is almost dead.
You completely miss something. The scorpion stings you.
* * * LOW HITPOINT WARNING * * *
The orc completely misses you.
The scorpion stings you but does no damage.
The orc barely misses you.
You take 6 damage, and have 11/45 hp.
You feel less confused. Something hits you but does no damage.
You hit the scorpion but do no damage.
The scorpion is almost dead.
You closely miss something.
The scorpion stings you but does no damage.
Something hits you.
* * * LOW HITPOINT WARNING * * *
The orc completely misses you.
You take 3 damage, and have 9/45 hp.
It was a potion of haste.
You feel yourself speed up. You block the scorpion's attack.
You hear some strange, mumbled words.
Something tries to affect you, but you resist.
The orc barely misses you. The scorpion stings you.
* * * LOW HITPOINT WARNING * * *
You are lethally poisoned!
The scorpion poisons you!
You take 6 damage, and have 3/45 hp.
It was a potion of cancellation.
Your magical effects are unravelling.
You feel magically purged.
You feel yourself slow down.
* * * LOW HITPOINT WARNING * * *
You feel sick.
You take 2 damage, and have 1/45 hp.
It was a potion of ambrosia.
You are confused.
You feel invigorated.
* * * LOW HITPOINT WARNING * * *
You feel sick. The scorpion stings you.
You die...

... .....####
#.###..#....##.
#........##....
##..............
##....).<....##
......)).....#
#......o.....##
..#....s........#
# #....@........#
##............#
#..........####
#..........#
#..........#
#..........#
#..........#
##........##


You could see a scorpion and an orc.

Vanquished Creatures
  A sleepcap (D:3)
  An adder (D:3)
  3 worms (D:2)
  2 dart slugs
  3 orcs
  4 ball pythons
  3 bats
  8 endoplasms
  2 giant cockroaches
  3 hobgoblins
  6 jackals
  8 kobolds
  4 quokkas
  16 frilled lizards
  11 goblins
  5 rats
80 creatures vanquished.

Notes
Turn   | Place    | Note
-------+----------+-------------------------------------------
     0 | D:1      | Dirtsage the Hill Orc Fighter began the quest for the Orb.
     0 | D:1      | Reached XP level 1. HP: 19/19 MP: 1/1
    78 | D:1      | Reached skill level 3 in Axes
   229 | D:1      | Reached XP level 2. HP: 26/26 MP: 2/2
   234 | D:1      | Reached skill level 4 in Axes
   307 | D:1      | Reached XP level 3. HP: 27/31 MP: 3/3
   324 | D:1      | Found a faded altar of an unknown god.
   440 | D:1      | Reached skill level 5 in Axes
  1098 | D:2      | Reached XP level 4. HP: 39/39 MP: 4/4
  1645 | D:2      | Reached skill level 6 in Axes
  1666 | D:2      | Found a glowing golden altar of the Shining One.
  1922 | D:3      | Found a shimmering blue altar of Sif Muna.
  2035 | D:3      | Reached XP level 5. HP: 45/45 MP: 5/5
  2363 | D:4      | HP: 1/45 [poisoned by a scorpion]
  2364 | D:4      | Slain by a scorpion

Illustrated notes

Levels and vault maps discovered:
D:1:      roderic_octagonal_star, layout_basic,
          chequers_ecumenical_altar_simple_redux, minmay_lizard_king
D:2:      layout_loops_corners, basic_altar
D:3:      layout_rooms, mainiacjoe_overflow_surrounded_room,
          roderic_serpentine_path
D:4:      layout_rooms, kennysheep_mini_moat

Skill      XL: |  1  2  3  4 |
---------------+-------------+-----
Axes           | 3 4 5 6 |  6.9
Fighting       | |  3.6
Armour         | |  3.2
Shields        | |  3.2

Action                     |  1- 3 |  4- 6 || total
---------------------------+-------+-------++-------
  Melee: War axe           |   112 |   106 ||   218
    Use: Potion            |       |     3 ||     3
 Armour: Scale mail        |    69 |    92 ||   161
  Dodge: Dodged            |    45 |    57 ||   102
  Block: Buckler           |    19 |    13 ||    32

Table legend: (Time is in decaauts)
 A = Elapsed time spent in this place.
 B = Non-inter-level travel time spent in this place.
 C = Inter-level travel time spent in this place.
 D = Time resting spent in this place.
 E = Time spent auto-exploring this place.
 F = Levels seen in this place.
 G = Mean time per level.
                   A        B        C        D        E       F      G
               +--------+--------+--------+--------+--------+-----+--------+
         Total |   2420 |   2370 |     50 |      0 |   1907 |   4 |  605.0 |
       Dungeon |   2420 |   2370 |     50 |      0 |   1907 |   4 |  605.0 |
               +--------+--------+--------+--------+--------+-----+--------+

Top non-repeatable levels by time:
     D:2: 995 daAuts
     D:1: 852 daAuts
     D:3: 542 daAuts
     D:4: 30 daAuts
